 Dungeon Crawl Stone Soup version 0.21.1-1-g345015f (webtiles) character file.

589 sking99 the Insei (level 7, -4/57 HPs)
             Began as a Naga Transmuter on June 21, 2018.
             Was an Initiate of Cheibriados.
             Slain by an ice beast (14 damage)
             ... on level 4 of the Dungeon.
             The game lasted 00:19:46 (5187 turns).

sking99 the Insei (Naga Transmuter)                 Turns: 5187, Time: 00:19:47

Health: -4/57      AC:  3    Str: 13    XL:     7   Next: 38%
Magic:  10/10      EV: 10    Int: 16    God:    Cheibriados [......]
Gold:   210        SH:  0    Dex: 13    Spells: 4/10 levels left

rFire    . . .     SeeInvis +     - Unarmed
rCold    . . .     Gourm    .   (no shield)
rNeg     . . .     Faith    .   t - +0 leather armour
rPois    +         Spirit   .   (no helmet)
rElec    .         Reflect  .   (no cloak)
rCorr    .         Harm     .   (no gloves)
MR       .....                  (no barding)
Stlth    ++........             (no amulet)
HPRegen  0.19/turn              (no ring)
MPRegen  0.12/turn              (no ring)

@: about to teleport, very slow
A: large, see invisible, deformed body, poison resistance, slowness 2, slow
metabolism 1, spit poison 1, AC +2
a: Spit Poison, Bend Time, Renounce Religion


You were on level 4 of the Dungeon.
You worshipped Cheibriados.
Cheibriados was noncommittal.
You were hungry.

You visited 2 branches of the dungeon, and saw 6 of its levels.

You collected 210 gold pieces.

Inventory:

Hand Weapons
 l - a +1 hunting sling
Missiles
 a - 67 arrows (quivered)
 m - 91 stones
Armour
 b - a +0 robe
 p - a +1 helmet
 t - a +0 leather armour (worn)
Scrolls
 g - a scroll of enchant weapon
 h - 4 scrolls of amnesia
 j - a scroll of remove curse
 k - a scroll of identify
 s - a scroll of teleportation
Potions
 e - 2 potions of curing
 f - a potion of ambrosia {unknown}
 i - a potion of might {unknown}
 n - 2 potions of magic
 o - a potion of flight {unknown}
 q - a potion of brilliance {unknown}
 r - a potion of degeneration {unknown}
 u - a potion of agility {unknown}
 v - a potion of lignification {unknown}
Books
 c - a book of Changes

   Spells                             Type                      Level
   a - Beastly Appendage              Transmutation                1
   b - Sticks to Snakes               Transmutation                2
   c - Spider Form                    Transmutation/Poison         3
   d - Ice Form                       Ice/Transmutation            4
   e - Blade Hands                    Transmutation                5
Comestibles
 d - 6 rations


   Skills:
 - Level 1.4 Fighting
 - Level 1.8 Dodging
 + Level 4.6 Stealth
 * Level 5.6 Unarmed Combat
 - Level 2.0 Spellcasting
 * Level 4.9 Transmutations
 - Level 2.0 Poison Magic


You had 4 spell levels left.
You knew the following spells:

 Your Spells              Type           Power        Failure   Level  Hunger
a - Spider Form           Tmut/Pois      ##........   19%         3    ###....
b - Sticks to Snakes      Tmut           ###.....     5%          2    ###....
c - Beastly Appendage     Tmut           ###...       3%          1    #......


Dungeon Overview and Level Annotations

Branches:
Dungeon (5/15)             Temple (1/1) D:4

Altars:
Ashenzari
Cheibriados
Dithmenos
Elyvilon
Fedhas
Gozag
Hepliaklqana
Kikubaaqudgha
Makhleb
Nemelex Xobeh
Okawaru
Qazlal
Ru
Sif Muna
Trog
Uskayaw
Vehumet
Wu Jian
Xom
Yredelemnul
Zin
The Shining One

Annotations:
D:3 exclusion: oklob plant


Innate Abilities, Weirdness & Mutations

You cannot wear boots.
Your serpentine skin is tough. (AC +2)
You have supernaturally acute eyesight. (SInv)
Armour fits poorly on your strangely shaped body.
Your system is resistant to poisons. (rPois)
You cover ground very slowly.
You have a slow metabolism.
You can spit poison.


Message History

You climb upwards.
There is a stone staircase leading down here.
Unknown command.
As you read the scroll of teleportation, it crumbles to dust.
You feel strangely unstable. The hound bites you.
* * * LOW HITPOINT WARNING * * *
The orc closely misses you. The orc barely misses you.
The ice beast closely misses you. The hound bites you.
* * * LOW HITPOINT WARNING * * *
It was a potion of curing.
You feel better. The orc hits you but does no damage.
The orc wizard mumbles some strange words.
The orc wizard blinks!
The orc hits you with a club.
* * * LOW HITPOINT WARNING * * *
The hound bites you.
* * * LOW HITPOINT WARNING * * *
The ice beast hits you.
* * * LOW HITPOINT WARNING * * *
The ice beast freezes you!
You die...

#.........#.#####..
#.#####<#.#.##.....
#># ###.#.#.##.#...
#.# #..............
#.# #.#.#.#.#####..
#.###.#.#.#.#####..
#.........#........
#Yho....#.########'
##@##.###.## ##..
#o##.###..## ##...
#o##.......###....
#.####....###.....
#.###.......'.....
#.........###.....
#######.#.# ##....
##########.# ##...
#..........# ##..


You could see an ice beast, a hound, an orc wizard and 2 orcs.

Vanquished Creatures
  A howler monkey (D:4)
  A centaur skeleton (D:4)
  2 orc priests
  A gnoll shaman (D:4)
  3 orc wizards
  A worker ant (D:4)
  7 gnolls
  6 adders
  A shadow imp (D:3)
  2 oozes
  3 worms
  4 dart slugs
  A leopard gecko (D:3)
  9 orcs
  2 ball pythons
  7 bats
  4 giant cockroaches
  9 goblins
  8 hobgoblins
  12 kobolds
  2 quokkas
  7 frilled lizards
  11 rats
104 creatures vanquished.

Vanquished Creatures (collateral kills)
  Sigmund (D:4)
  A dart slug (D:1)
2 creatures vanquished.

Grand Total: 106 creatures vanquished

Notes
Turn   | Place    | Note
-------+----------+-------------------------------------------
     0 | D:1      | sking99 the Naga Transmuter began the quest for the Orb.
     0 | D:1      | Reached XP level 1. HP: 18/18 MP: 3/3
   375 | D:1      | Reached XP level 2. HP: 18/25 MP: 5/5
   379 | D:1      | Learned a level 2 spell: Sticks to Snakes
   832 | D:1      | Reached skill level 1 in Stealth
   876 | D:1      | Reached XP level 3. HP: 29/31 MP: 6/6
   886 | D:1      | Learned a level 3 spell: Spider Form
  1140 | D:1      | Reached XP level 4. HP: 32/38 MP: 4/7
  1677 | D:2      | Reached skill level 4 in Unarmed Combat
  2437 | D:3      | Reached skill level 1 in Poison Magic
  2531 | D:3      | Reached XP level 5. HP: 41/44 MP: 1/8
  3007 | D:3      | Found a blossoming altar of Fedhas.
  3028 | D:3      | Noticed an oklob plant
  3544 | D:4      | Reached XP level 6. HP: 51/51 MP: 5/9
  3628 | D:4      | You fall through a shaft!
  3628 | D:5      | Entered Level 5 of the Dungeon
  4066 | D:4      | Reached skill level 5 in Unarmed Combat
  4363 | D:4      | Reached XP level 7. HP: 47/57 MP: 4/10
  4364 | D:4      | Found a staircase to the Ecumenical Temple.
  4381 | Temple   | Entered the Ecumenical Temple
  4538 | Temple   | Became a worshipper of Cheibriados the Contemplative
  4611 | D:4      | Noticed Sigmund
  4658 | D:4      | Killed Sigmund
  5187 | D:4      | Slain by an ice beast

Skill      XL: |  1  2  3  4  5  6 |
---------------+-------------------+-----
Stealth        | 1 2 3 4 |  4.6
Unarmed Combat | 4 5 |  5.6
Transmutations | 3 4 |  4.9
Poison Magic   | 1 2 |  2.0
Fighting       | |  1.4
Dodging        | |  1.8
Spellcasting   | |  2.0

Action                   |  1- 3 |  4- 6 |  7- 9 || total
-------------------------+-------+-------+-------++-------
Melee: Unarmed           |    59 |   112 |    31 ||   202
       Headbutt          |     1 |       |       ||     1
       Punch             |     1 |       |       ||     1
 Cast: Beastly Appendage |     1 |       |       ||     1
       Sticks to Snakes  |     2 |       |     5 ||     7
       Spider Form       |     1 |    16 |     2 ||    19
 Abil: Spit Poison       |    28 |    47 |     2 ||    77
  Use: Scroll            |       |     7 |     1 ||     8
       Potion            |       |       |     1 ||     1
 Stab: Sleeping          |       |     1 |     1 ||     2
  Eat: Chunk             |     2 |    10 |       ||    12
       Ration            |       |     1 |     1 ||     2
Armor: Robe              |    19 |     5 |       ||    24
       Skin              |       |     3 |     2 ||     5
       Leather armour    |       |     2 |     4 ||     6
Dodge: Dodged            |    52 |    64 |    41 ||   157
